 Dungeon Crawl Stone Soup version 0.30-a0-137-gd8773701ce (webtiles) character file.

Game seed: 5195018002753624200

337 Bnni the Slasher (level 6, -1/48 HPs)
             Began as a Demonspawn Gladiator on Sept 22, 2022.
             Slain by a gnoll sergeant
             ... wielding a +3 vorpal trident
              (7 damage)
             ... on level 4 of the Dungeon.
             The game lasted 00:07:59 (4138 turns).

Bnni the Slasher (Demonspawn Gladiator)             Turns: 4138, Time: 00:08:00

Health: -1/48      AC:  8    Str: 14    XL:     6   Next: 28%
Magic:  6/6        EV: 11    Int: 10    God:
Gold:   269        SH:  0    Dex: 16    Spells: 5/5 levels left

rFire   . . .      SeeInvis .    a - +0 long sword
rCold   . . .      Faith    .    (no shield)
rNeg    + . .      Spirit   .    j - +0 scale mail
rPois   .          Reflect  .    c - +0 helmet
rElec   .          Harm     .    t - +0 cloak
rCorr   .          Rampage  .    (no gloves)
Will    .....                    (no boots)
Stlth   +.........               (no amulet)
HPRegen 0.16/turn                l - ring of positive energy
MPRegen 0.10/turn                (no ring)

@: hasted, very quick
A: claws 1, sturdy frame 1
a: no special abilities


You were on level 4 of the Dungeon.
You visited 1 branch of the dungeon, and saw 4 of its levels.

You collected 269 gold pieces.

Inventory:

Hand Weapons
 a - a +0 long sword (weapon)
Armour
 c - a +0 helmet (worn)
 j - a +0 scale mail (worn)
 t - a +0 cloak (worn)
Jewellery
 l - a ring of positive energy (left claw)
Scrolls
 i - 2 scrolls of teleportation {unknown}
 k - a scroll of fear
 m - a scroll of blinking {unknown}
 n - 2 scrolls of magic mapping {unknown}
 q - a scroll of vulnerability {unknown}
 s - a scroll of noise {unknown}
 u - 2 scrolls of enchant armour {unknown}
Potions
 o - a potion of ambrosia
 r - a potion of flight {unknown}
 v - a potion of mutation
 w - a potion of attraction {unknown}


   Skills:
 + Level 4.1 Fighting
 * Level 5.5 Long Blades
 - Level 1.7 Throwing
 - Level 2.6 Dodging


You had 5 spell levels left.
You didn't know any spells.
Your spell library contained the following spells:

 Spells                   Type           Power      Damage    Failure   Level
 Apportation              Tloc           0%         N/A       69%         1
 Necrotise                Necr           0%         1d4       69%         1
 Summon Small Mammal      Summ           0%         N/A       69%         1


Dungeon Overview and Level Annotations

Branches:
Dungeon (4/15)
 Temple: D:4-7

Altars:
Dithmenos
Kikubaaqudgha
Yredelemnul


Innate Abilities, Weirdness & Mutations

You have sharp fingernails.
Your movements are slightly less encumbered by armour. (ER -2)


Message History

There is a stone staircase leading up here.
Okay, then.
Okay, then.
You climb upwards.
There is a stone staircase leading down here.
There are no items here.
Unknown command.
As you read the scroll labelled JEVVOA UBRATH, it crumbles to dust.
It is a scroll of identify.
o - a potion of ambrosia
As you read the scroll of identify, it crumbles to dust.
f - a potion of degeneration
As you read the scroll of identify, it crumbles to dust.
v - a potion of mutation You drop a potion of degeneration.
As you read the scroll labelled NUOBEGIMIO, it crumbles to dust.
You assume a fearsome visage.
Nothing appears to happen.
It was a scroll of fear.
Unknown command.
You climb downwards.
There is a stone staircase leading up here.
A gnoll sergeant is nearby!
Okay, then.
Okay, then.
You feel yourself speed up.
The gnoll sergeant hits you with a +3 vorpal trident!
You hit the gnoll sergeant but do no damage.
The gnoll sergeant hits you with a +3 vorpal trident!
You barely miss the gnoll sergeant. You hit the gnoll sergeant.
The gnoll sergeant is lightly wounded.
The gnoll sergeant closely misses you.
You slash the gnoll sergeant!
The gnoll sergeant is heavily wounded.
The gnoll sergeant hits you with a +3 vorpal trident!
* * * LOW HITPOINT WARNING * * *
x2 You barely miss the gnoll sergeant.
The gnoll sergeant is heavily wounded.
The gnoll sergeant hits you with a +3 vorpal trident!
You die...

#. #.......##...# ####.
#.##...........## #.
.##..............# #.
...........#.##..#######.
...........#.##.......##.
.......)####..#.#####....
.........# ##.#..######..
.......#g# #.##..##....#
.##...##@# #.###.##^####
######.####.###.##.#
##......#.....##.##.#
##....<.........#.#..#
#...................##
#................#..#####
#........................
#.................#......
#......................[.


You could see a gnoll sergeant.

Vanquished Creatures
  Edmund (D:4)
  2 hounds
  A gnoll (D:4)
  5 adders
  5 dart slugs
  3 orcs
  7 endoplasms
  5 giant cockroaches
  12 goblins
  6 hobgoblins
  4 jackals
  4 quokkas
  3 ball pythons
  7 bats
  2 frilled lizards (D:1)
  9 kobolds
  3 rats
  A spectral orc (D:3)
80 creatures vanquished.

Notes
Turn   | Place    | Note
-------+----------+-------------------------------------------
     0 | D:1      | Bnni the Demonspawn Gladiator began the quest for the Orb.
     0 | D:1      | Reached XP level 1. HP: 16/16 MP: 1/1
   246 | D:1      | Reached skill level 3 in Long Blades
   246 | D:1      | Gained mutation: Your movements are slightly less
                  | encumbered by armour. (ER -2) [demonic ancestry]
   246 | D:1      | Reached XP level 2. HP: 22/22 MP: 2/2
   777 | D:1      | Reached XP level 3. HP: 25/28 MP: 3/3
  1475 | D:2      | Reached skill level 4 in Long Blades
  1570 | D:2      | Reached XP level 4. HP: 34/34 MP: 4/4
  1758 | D:3      | Found a basalt altar of Yredelemnul.
  2825 | D:3      | Reached XP level 5. HP: 41/41 MP: 5/5
  3369 | D:4      | Noticed Edmund
  3396 | D:4      | Killed Edmund
  3397 | D:4      | Reached skill level 5 in Long Blades
  3397 | D:4      | Gained mutation: You have sharp fingernails. [demonic
                  | ancestry]
  3397 | D:4      | Reached XP level 6. HP: 12/48 MP: 6/6
  3660 | D:4      | Found a shadowy altar of Dithmenos.
  3663 | D:4      | Found an ancient bone altar of Kikubaaqudgha.
  3813 | D:4      | HP: 2/48 [gnoll sergeant/+3 vorpal trident (3)]
  4138 | D:4      | Slain by a gnoll sergeant

Illustrated notes

Levels and vault maps discovered:
D:1:      dpeg_arrival_houses_and_road, layout_loops_ring
D:2:      layout_rooms
D:3:      layout_loops_corners, yredelemnul_forgotten_temple_becter,
          hangedman_decor_riveting
D:4:      layout_rooms, grunt_temple_overflow_open, uniq_edmund

Skill      XL: |  1  2  3  4  5 |
---------------+----------------+-----
Long Blades    | 3 4 5 |  5.5
Fighting       | 3 4 |  4.1
Throwing       | |  1.7
Dodging        | |  2.6

Action                   |  1- 3 |  4- 6 || total
-------------------------+-------+-------++-------
Melee: Long sword        |   156 |   163 ||   319
       Punch             |     1 |     2 ||     3
Throw: Throwing net      |       |    10 ||    10
       Javelin           |       |     1 ||     1
  Use: Potion            |       |     6 ||     6
       Scroll            |       |     4 ||     4
 Stab: Sleeping          |     1 |       ||     1
       Held in net/web   |       |     9 ||     9
Armor: Ring mail         |    35 |       ||    35
       Leather armour    |     1 |       ||     1
       Scale mail        |    48 |    60 ||   108
Dodge: Dodged            |   108 |    91 ||   199

Table legend: (Time is in decaauts)
 A = Elapsed time spent in this place.
 B = Non-inter-level travel time spent in this place.
 C = Inter-level travel time spent in this place.
 D = Time resting spent in this place.
 E = Time spent auto-exploring this place.
 F = Levels seen in this place.
 G = Mean time per level.
                   A        B        C        D        E       F      G
               +--------+--------+--------+--------+--------+-----+--------+
         Total |   4187 |   4063 |    124 |    538 |   2786 |   4 | 1046.8 |
       Dungeon |   4187 |   4063 |    124 |    538 |   2786 |   4 | 1046.8 |
               +--------+--------+--------+--------+--------+-----+--------+

Top non-repeatable levels by time:
     D:3: 1395 daAuts
     D:1: 1209 daAuts
     D:4: 1009 daAuts
     D:2: 573 daAuts
